Dallas Stars vs Arizona Coyotes
Created - Thursday, January 22, 2026 at 07:56
Goals
|
| Dallas Stars |
1 |
3 |
1 |
5 |
| Arizona Coyotes |
0 |
1 |
0 |
1 |
|
Shots
|
| Dallas Stars |
21 |
12 |
9 |
42 |
| Arizona Coyotes |
15 |
7 |
14 |
36 |
|
1st period
1. Dallas Stars , Jordan Martinook 2 (Luke Kunin 2, Filip Chytil 3) at 15:22
Penalties :
Josh Anderson (DAL) for Holding (Minor) at 9:50
2nd period
2. Arizona Coyotes , Johnathan Kovacevic 1 (Aliaksei Protas 3, Ryan Donato 3) at 0:23
3. Dallas Stars , Josh Anderson 4 (Elias Lindholm 3) at 13:26
4. Dallas Stars , Josh Anderson 5 (Elias Lindholm 4, Jakob Chychrun 2) at 18:01 (PP)
5. Dallas Stars , Filip Chytil 5 (Arber Xhekaj 1, Jordan Martinook 3) at 19:49
Penalties :
Johnathan Kovacevic (AZC) for Cross-checking (Minor) at 6:04, Nick Seeler (AZC) for Slashing (Minor) at 17:32
3rd period
6. Dallas Stars , Josh Anderson 6 (Cam York 3, Elias Lindholm 5) at 7:05
Penalties :
Kiefer Sherwood (AZC) for Roughing (Minor) at 2:02, Jared Spurgeon (AZC) for Slashing (Minor) at 7:22, Erik Haula (AZC) for Fighting (Major) at 16:22, Luke Kunin (DAL) for Fighting (Major) at 16:22, Mason McTavish (AZC) for Fighting (Major) at 17:01, Elias Lindholm (DAL) for Fighting (Major) at 17:01, Johnathan Kovacevic (AZC) for Tripping (Minor) at 17:59
Goalie Stats
Ukko-Pekka Luukkonen (DAL), 35 saves from 36 shots - (0.972), W, 2-3-0, 60:00 minutes
Tristan Jarry (AZC), 37 saves from 42 shots - (0.881), L, 0-1-0, 60:00 minutes
Players Stats for Dallas Stars
Player Name G A P +/- PIM S H SB GA TA FO MP PP MP PK MP
------------------------------------------------------------------------------------
Alex Iafallo 0 0 0 -1 0 5 1 2 1 0 1/2 14:37 0:44 0:00
Arber Xhekaj 0 1 1 2 0 0 1 0 0 0 0/0 12:07 0:00 0:00
Brendan Gallagher 0 0 0 2 0 4 3 0 0 0 0/1 18:20 4:11 0:51
Cam York 0 1 1 2 0 1 0 1 0 0 0/0 12:07 0:00 0:00
Dougie Hamilton 0 0 0 -1 0 0 0 0 0 0 0/0 27:40 4:10 1:13
Elias Lindholm 0 3 3 2 5 4 1 1 1 1 12/19 17:04 3:13 0:57
Filip Chytil 1 1 2 2 0 4 0 0 2 0 15/25 18:33 4:07 0:00
Jack Drury 0 0 0 0 0 0 0 0 0 0 1/2 8:16 0:21 0:00
Jakob Chychrun 0 1 1 2 0 1 1 0 0 0 0/0 20:13 4:15 0:46
Joel Kiviranta 0 0 0 0 0 3 1 0 1 0 0/0 8:56 0:39 0:00
Jonas Siegenthaler 0 0 0 2 0 2 0 1 0 0 0/0 20:13 4:15 0:46
Jordan Greenway 0 0 0 -1 0 2 2 1 0 1 1/1 14:56 0:22 0:36
Jordan Martinook 1 1 2 2 0 4 2 0 0 1 1/1 19:24 4:07 0:51
Josh Anderson 3 0 3 2 2 4 0 1 1 0 1/2 18:31 4:11 0:00
Luke Kunin 0 1 1 2 5 0 1 0 0 1 0/0 16:39 3:13 0:00
Philip Tomasino 0 0 0 0 0 1 0 0 3 0 0/0 8:02 0:07 0:00
Trent Frederic 0 0 0 -1 0 4 3 1 0 0 5/9 14:40 0:00 0:43
Trevor van Riemsdyk 0 0 0 -1 0 3 0 1 0 1 0/0 27:40 4:10 1:13
Players Stats for Arizona Coyotes
Player Name G A P +/- PIM S H SB GA TA FO MP PP MP PK MP
------------------------------------------------------------------------------------
Aliaksei Protas 0 1 1 0 0 4 1 0 1 3 2/10 14:40 0:01 0:00
Anders Lee 0 0 0 0 0 1 3 0 1 0 1/4 18:16 1:01 4:04
Anthony DeAngelo 0 0 0 0 0 1 1 1 0 0 0/0 14:15 0:00 0:21
Brayden McNabb 0 0 0 -1 0 1 0 1 0 2 0/0 20:43 0:55 4:26
Charlie Coyle 0 0 0 0 0 1 0 0 0 0 5/15 18:16 1:01 4:04
Erik Haula 0 0 0 0 5 2 1 0 0 0 0/2 7:05 0:00 0:00
Jared Spurgeon 0 0 0 -1 2 1 0 4 0 1 0/0 20:07 0:55 3:55
Johnathan Kovacevic 1 0 1 -2 4 5 1 0 0 1 0/0 22:56 1:04 2:05
Kiefer Sherwood 0 0 0 0 2 2 3 0 1 1 2/3 17:10 1:01 2:58
Mason McTavish 0 0 0 -3 5 3 3 0 1 0 13/22 16:07 0:57 0:39
Mats Zuccarello 0 0 0 -3 0 7 1 1 1 0 1/2 19:36 0:57 3:46
Nick Seeler 0 0 0 0 2 3 1 1 0 1 0/0 15:28 0:00 1:52
Ondrej Palat 0 0 0 0 0 0 1 0 0 0 1/1 8:49 0:01 0:00
Radko Gudas 0 0 0 -2 0 3 4 1 0 0 0/0 25:27 1:04 4:11
Ross Colton 0 0 0 0 0 0 0 1 0 0 0/0 7:18 0:00 0:00
Ryan Donato 0 1 1 0 0 0 0 1 0 0 0/1 15:30 0:01 0:19
Tyler Bertuzzi 0 0 0 -3 0 1 0 1 0 0 0/2 15:43 0:57 0:00
Vladimir Tarasenko 0 0 0 0 0 1 4 0 0 0 0/0 14:02 0:00 1:00
3 Stars
1 - Josh Anderson (DAL)
2 - Ukko-Pekka Luukkonen (DAL)
3 - Jordan Martinook (DAL)
Power Play
Dallas Stars - 1 on 5 Attempt(s) - 20.00%
Arizona Coyotes - 0 on 1 Attempt(s) - 0.00%
Penalty Kill
Dallas Stars - 1 on 1 Attempt(s) - 100.00%
- Score 0 goal in Penalty Kill
Arizona Coyotes - 4 on 5 Attempt(s) - 80.00%
- Score 0 goal in Penalty Kill
Team Stat
Dallas Stars - Hits : 16 - Faceoff Wins : 37 - Blocked Shots : 9 - Penalty Minutes : 12
Arizona Coyotes - Hits : 24 - Faceoff Wins : 25 - Blocked Shots : 12 - Penalty Minutes : 20
Official
Referees : Francois St Laurent and Tj Luxmore
Linesman : Justin Johnson and Derek Nansen
Game Notes
Josh Anderson has scored a Hat Trick!
Erik Haula and Luke Kunin fight to a draw at 16:22 of 3rd period
Mason McTavish and Elias Lindholm fight to a draw at 17:01 of 3rd period
Finance
Level 1 -- Attendance: 5433 (90.55%) -- Ticket Income $488,970
Level 2 -- Attendance: 5000 (100.00%) -- Ticket Income $250,000
Level 3 -- Attendance: 3000 (100.00%) -- Ticket Income $84,000
Level 4 -- Attendance: 4639 (92.78%) -- Ticket Income $92,780
Luxury Box -- Attendance: 1000 (100.00%) -- Ticket Income $190,000
Game was played at the Gila River Arena.
Total Attendance: 19072 (95.36%)
Total Ticket Income: $1,105,750
Other Income: $387,012
Total Income: $1,492,762
Dallas Stars
5 vs 5 Forward
Center Left Wing Right Wing Time % Phy DF OF
1 Elias Lindholm Josh Anderson Brendan Gallagher 30 1 2 2
2 Filip Chytil Jordan Martinook Luke Kunin 30 1 2 2
3 Trent Frederic Alex Iafallo Jordan Greenway 25 1 2 2
4 Jack Drury Joel Kiviranta Philip Tomasino 15 1 2 2
5 vs 5 Defense
Defense Defense Time % Phy DF OF
1 Dougie Hamilton Trevor van Riemsdyk 30 1 2 2
2 Jakob Chychrun Jonas Siegenthaler 30 1 2 2
3 Cam York Arber Xhekaj 25 1 2 2
4 Dougie Hamilton Trevor van Riemsdyk 15 1 2 2
PowerPlay Forward
Center Left Wing Right Wing Time % Phy DF OF
1 Elias Lindholm Josh Anderson Brendan Gallagher 50 1 2 2
2 Filip Chytil Jordan Martinook Luke Kunin 50 1 2 2
PowerPlay Defense
Defense Defense Time % Phy DF OF
1 Dougie Hamilton Trevor van Riemsdyk 50 1 2 2
2 Jakob Chychrun Jonas Siegenthaler 50 1 2 2
Penalty Kill 4 Players Forward
Center Wing Time % Phy DF OF
1 Elias Lindholm Josh Anderson 50 1 2 2
2 Brendan Gallagher Jordan Martinook 50 1 2 2
Penalty Kill 4 Players Defense
Defense Defense Time % Phy DF OF
1 Dougie Hamilton Trevor van Riemsdyk 50 1 2 2
2 Jakob Chychrun Jonas Siegenthaler 50 1 2 2
Penalty Kill - 3 Players Forward
Forward Time % Phy DF OF
1 Elias Lindholm 50 1 2 2
2 Josh Anderson 50 1 2 2
Penalty Kill - 3 Players Defense
Defense Defense Time % Phy DF OF
1 Dougie Hamilton Trevor van Riemsdyk 50 1 2 2
2 Jakob Chychrun Jonas Siegenthaler 50 1 2 2
4 vs 4 Forward
Center Wing Time % Phy DF OF
1 Elias Lindholm Josh Anderson 50 1 2 2
2 Brendan Gallagher Jordan Martinook 50 1 2 2
4 vs 4 Defense
Defense Defense Time % Phy DF OF
1 Dougie Hamilton Trevor van Riemsdyk 50 1 2 2
2 Jakob Chychrun Jonas Siegenthaler 50 1 2 2
Last Minutes Offensive
Center Left Wing Right Wing Defense Defense
Elias Lindholm Josh Anderson Brendan Gallagher Dougie Hamilton Trevor van Riemsdyk
Last Minutes Defensive
Center Left Wing Right Wing Defense Defense
Elias Lindholm Josh Anderson Brendan Gallagher Dougie Hamilton Trevor van Riemsdyk
Goaltenders
Starting : Ukko-Pekka Luukkonen
Backup : Alex Lyon
Extra Forwards
Normal : Alex Iafallo, Joel Kiviranta, Trent Frederic - PP : Alex Iafallo, Joel Kiviranta - PK : Trent Frederic
Extra Defensemen
Normal : Cam York, Arber Xhekaj, Jakob Chychrun - PP : Cam York - PK : Arber Xhekaj, Jakob Chychrun
Penalty Shots
Elias Lindholm, Josh Anderson, Brendan Gallagher, Jordan Martinook, Alex Iafallo
Scratches
Ty Smith (Healthy), Nils Lundkvist (Healthy), Jonatan Berggren (Healthy), Marc-Andre Fleury (Healthy), Semyon Varlamov (Healthy)
Arizona Coyotes
5 vs 5 Forward
Center Left Wing Right Wing Time % Phy DF OF
1 Charlie Coyle Anders Lee Kiefer Sherwood 30 1 1 3
2 Mason McTavish Mats Zuccarello Tyler Bertuzzi 30 1 1 3
3 Aliaksei Protas Ryan Donato Vladimir Tarasenko 25 1 1 3
4 Erik Haula Ross Colton Ondrej Palat 15 1 1 3
5 vs 5 Defense
Defense Defense Time % Phy DF OF
1 Radko Gudas Johnathan Kovacevic 35 1 2 2
2 Brayden McNabb Jared Spurgeon 33 1 2 2
3 Nick Seeler Anthony DeAngelo 22 1 2 2
4 Radko Gudas Johnathan Kovacevic 10 1 2 2
PowerPlay Forward
Center Left Wing Right Wing Time % Phy DF OF
1 Charlie Coyle Anders Lee Kiefer Sherwood 50 1 1 3
2 Mason McTavish Mats Zuccarello Tyler Bertuzzi 50 1 1 3
PowerPlay Defense
Defense Defense Time % Phy DF OF
1 Radko Gudas Johnathan Kovacevic 50 1 2 2
2 Brayden McNabb Jared Spurgeon 50 1 2 2
Penalty Kill 4 Players Forward
Center Wing Time % Phy DF OF
1 Anders Lee Charlie Coyle 50 1 2 2
2 Kiefer Sherwood Mats Zuccarello 50 1 2 2
Penalty Kill 4 Players Defense
Defense Defense Time % Phy DF OF
1 Radko Gudas Johnathan Kovacevic 50 1 2 2
2 Brayden McNabb Jared Spurgeon 50 1 2 2
Penalty Kill - 3 Players Forward
Forward Time % Phy DF OF
1 Anders Lee 50 1 2 2
2 Charlie Coyle 50 1 2 2
Penalty Kill - 3 Players Defense
Defense Defense Time % Phy DF OF
1 Radko Gudas Johnathan Kovacevic 50 1 2 2
2 Brayden McNabb Jared Spurgeon 50 1 2 2
4 vs 4 Forward
Center Wing Time % Phy DF OF
1 Anders Lee Charlie Coyle 50 1 2 2
2 Kiefer Sherwood Mats Zuccarello 50 1 2 2
4 vs 4 Defense
Defense Defense Time % Phy DF OF
1 Radko Gudas Johnathan Kovacevic 50 1 2 2
2 Brayden McNabb Jared Spurgeon 50 1 2 2
Last Minutes Offensive
Center Left Wing Right Wing Defense Defense
Charlie Coyle Anders Lee Kiefer Sherwood Radko Gudas Johnathan Kovacevic
Last Minutes Defensive
Center Left Wing Right Wing Defense Defense
Charlie Coyle Anders Lee Kiefer Sherwood Radko Gudas Johnathan Kovacevic
Goaltenders
Starting : Tristan Jarry
Backup : Elvis Merzlikins
Extra Forwards
Normal : Mason McTavish, Ryan Donato, Vladimir Tarasenko - PP : Mason McTavish, Ryan Donato - PK : Vladimir Tarasenko
Extra Defensemen
Normal : Nick Seeler, Radko Gudas, Brayden McNabb - PP : Nick Seeler - PK : Johnathan Kovacevic, Brayden McNabb
Penalty Shots
Anders Lee, Charlie Coyle, Kiefer Sherwood, Mats Zuccarello, Aliaksei Protas
Scratches
Matt Dumba (Suspend), Corson Ceulemans (Healthy), Dyllan Gill (Healthy), Carter Hart (Healthy)
% Time on Ice - Dallas Stars
Lines # - Real PCT - Wanted PCT - Time Play
Normal Forward
1 - 29% - 30% - 14:22
2 - 29% - 30% - 14:26
3 - 26% - 25% - 12:54
4 - 16% - 15% - 7:54
Normal Defense
1 - 32% - 30% - 15:54
2 - 31% - 30% - 15:12
3 - 24% - 25% - 12:07
4 - 13% - 15% - 6:23
PP Forward
1 - 51% - 50% - 4:18
2 - 49% - 50% - 4:07
PP Defense
1 - 50% - 50% - 4:10
2 - 50% - 50% - 4:15
PK Forward
1 - 57% - 50% - 1:08
2 - 43% - 50% - 0:51
PK Defense
1 - 61% - 50% - 1:13
2 - 39% - 50% - 0:46
PK3 Forward
1 - 0% - 50%
2 - 0% - 50%
PK3 Defense
1 - 0% - 50%
2 - 0% - 50%
44 Forward
1 - 0% - 50%
2 - 0% - 50%
44 Defense
1 - 0% - 50%
2 - 0% - 50%
Last Minute Offensive - 0:00
Last Minute Defensive - 0:00
Total
Forward - 60:00
Defense - 60:00
|
% Time on Ice - Arizona Coyotes
Lines # - Real PCT - Wanted PCT - Time Play
Normal Forward
1 - 30% - 30% - 14:42
2 - 30% - 30% - 14:47
3 - 26% - 25% - 12:49
4 - 15% - 15% - 7:18
Normal Defense
1 - 36% - 35% - 17:40
2 - 31% - 33% - 15:35
3 - 28% - 22% - 13:49
4 - 5% - 10% - 2:32
PP Forward
1 - 52% - 50% - 1:02
2 - 48% - 50% - 0:57
PP Defense
1 - 54% - 50% - 1:04
2 - 46% - 50% - 0:55
PK Forward
1 - 50% - 50% - 4:11
2 - 50% - 50% - 4:14
PK Defense
1 - 50% - 50% - 4:11
2 - 50% - 50% - 4:14
PK3 Forward
1 - 0% - 50%
2 - 0% - 50%
PK3 Defense
1 - 0% - 50%
2 - 0% - 50%
44 Forward
1 - 0% - 50%
2 - 0% - 50%
44 Defense
1 - 0% - 50%
2 - 0% - 50%
Last Minute Offensive - 0:00
Last Minute Defensive - 0:00
Total
Forward - 60:00
Defense - 60:00
|
Play-by-Play
1st period
0:01 of 1st period - Elias Lindholm wins face-off versus Charlie Coyle in neutral zone.
0:25 of 1st period - Trevor van Riemsdyk is hit by Mason McTavish and loses puck.
0:46 of 1st period - Snap shot by Jack Drury.
0:46 of 1st period - Shot Misses the Net.
0:48 of 1st period - Wrist shot by Joel Kiviranta.
0:48 of 1st period - Shot Misses the Net.
1:19 of 1st period - Icing by Aliaksei Protas.
1:20 of 1st period - Elias Lindholm wins face-off versus Aliaksei Protas in Arizona Coyotes zone.
1:31 of 1st period - Snap shot by Elias Lindholm.
1:31 of 1st period - Stopped by Tristan Jarry with a rebound.
1:41 of 1st period - Snap shot by Aliaksei Protas.
1:41 of 1st period - Shot Misses the Net.
1:43 of 1st period - Slapshot by Johnathan Kovacevic.
1:43 of 1st period - Stopped by Ukko-Pekka Luukkonen with a rebound.
1:45 of 1st period - Slapshot by Johnathan Kovacevic.
1:45 of 1st period - Stopped by Ukko-Pekka Luukkonen with a rebound.
1:57 of 1st period - Slapshot by Ryan Donato.
1:57 of 1st period - Shot Misses the Net.
2:11 of 1st period - Slapshot by Ryan Donato.
2:11 of 1st period - Shot Blocked by Cam York.
2:13 of 1st period - Slapshot by Radko Gudas.
2:13 of 1st period - Stopped by Ukko-Pekka Luukkonen with a rebound.
2:15 of 1st period - Slapshot by Radko Gudas.
2:15 of 1st period - Shot Misses the Net.
2:17 of 1st period - Slapshot by Johnathan Kovacevic.
2:17 of 1st period - Shot Blocked by Josh Anderson.
2:19 of 1st period - Wrist shot by Radko Gudas.
2:19 of 1st period - Deflect By Aliaksei Protas.
2:19 of 1st period - Stopped by Ukko-Pekka Luukkonen without a rebound.
2:20 of 1st period - Filip Chytil wins face-off versus Charlie Coyle in Dallas Stars zone.
2:33 of 1st period - Slapshot by Filip Chytil.
2:33 of 1st period - Stopped by Tristan Jarry without a rebound.
2:34 of 1st period - Trent Frederic wins face-off versus Erik Haula in Arizona Coyotes zone.
2:45 of 1st period - Wrist shot by Alex Iafallo.
2:45 of 1st period - Shot Misses the Net.
2:47 of 1st period - Snap shot by Jordan Greenway.
2:47 of 1st period - Stopped by Tristan Jarry with a rebound.
2:49 of 1st period - Snap shot by Jordan Greenway.
2:49 of 1st period - Shot Misses the Net.
3:09 of 1st period - Wrist shot by Philip Tomasino.
3:09 of 1st period - Shot Blocked by Ross Colton.
3:11 of 1st period - Snap shot by Philip Tomasino.
3:11 of 1st period - Shot Misses the Net.
3:31 of 1st period - Snap shot by Filip Chytil.
3:31 of 1st period - Shot Misses the Net.
3:51 of 1st period - Brayden McNabb is hit by Trent Frederic and loses puck.
4:36 of 1st period - Slapshot by Alex Iafallo.
4:36 of 1st period - Shot Misses the Net.
4:38 of 1st period - Snap shot by Alex Iafallo.
4:38 of 1st period - Shot Blocked by Jared Spurgeon.
4:50 of 1st period - Snap shot by Trent Frederic.
4:50 of 1st period - Shot Misses the Net.
4:52 of 1st period - Snap shot by Trent Frederic.
4:52 of 1st period - Shot Misses the Net.
4:54 of 1st period - Snap shot by Alex Iafallo.
4:54 of 1st period - Stopped by Tristan Jarry with a rebound.
4:56 of 1st period - Wrist shot by Alex Iafallo.
4:56 of 1st period - Stopped by Tristan Jarry with a rebound.
5:00 of 1st period - Snap shot by Alex Iafallo.
5:00 of 1st period - Stopped by Tristan Jarry without a rebound.
5:01 of 1st period - Filip Chytil wins face-off versus Charlie Coyle in Arizona Coyotes zone.
5:49 of 1st period - Nick Seeler is hit by Brendan Gallagher.
6:57 of 1st period - Snap shot by Erik Haula.
6:57 of 1st period - Shot Misses the Net.
6:59 of 1st period - Slapshot by Radko Gudas.
6:59 of 1st period - Stopped by Ukko-Pekka Luukkonen with a rebound.
7:53 of 1st period - Trent Frederic is hit by Mason McTavish.
7:57 of 1st period - Jordan Greenway is hit by Mason McTavish and loses puck.
9:00 of 1st period - Wrist shot by Jack Drury.
9:00 of 1st period - Shot Blocked by Nick Seeler.
9:02 of 1st period - Slapshot by Philip Tomasino.
9:02 of 1st period - Stopped by Tristan Jarry without a rebound.
9:03 of 1st period - Filip Chytil wins face-off versus Erik Haula in Arizona Coyotes zone.
9:10 of 1st period - Wrist shot by Jordan Martinook.
9:10 of 1st period - Stopped by Tristan Jarry with a rebound.
9:12 of 1st period - Snap shot by Filip Chytil.
9:12 of 1st period - Stopped by Tristan Jarry without a rebound.
9:13 of 1st period - Mason McTavish wins face-off versus Filip Chytil in Arizona Coyotes zone.
9:19 of 1st period - Off-side.
9:20 of 1st period - Filip Chytil wins face-off versus Mason McTavish in neutral zone.
9:50 of 1st period - Minor Penalty to Josh Anderson for Holding.
9:51 of 1st period - Elias Lindholm wins face-off versus Charlie Coyle in Dallas Stars zone.
9:51 of 1st period - Elias Lindholm is hit by Radko Gudas.
11:50 of 1st period - Penalty to Josh Anderson is over, Josh Anderson is back on ice.
12:21 of 1st period - Wrist shot by Ryan Donato.
12:21 of 1st period - Shot Blocked by Jordan Greenway.
12:29 of 1st period - Slapshot by Josh Anderson.
12:29 of 1st period - Shot Misses the Net.
12:31 of 1st period - Slapshot by Cam York.
12:31 of 1st period - Deflect By Josh Anderson.
12:31 of 1st period - Stopped by Tristan Jarry with a rebound.
12:35 of 1st period - Snap shot by Trent Frederic.
12:35 of 1st period - Stopped by Tristan Jarry with a rebound.
12:43 of 1st period - Backhand shot by Trent Frederic.
12:43 of 1st period - Stopped by Tristan Jarry with a rebound.
12:45 of 1st period - Slapshot by Josh Anderson.
12:45 of 1st period - Shot Misses the Net.
12:47 of 1st period - Snap shot by Trent Frederic.
12:47 of 1st period - Shot Misses the Net.
12:52 of 1st period - Icing by Radko Gudas.
12:53 of 1st period - Ondrej Palat wins face-off versus Filip Chytil in Arizona Coyotes zone.
13:13 of 1st period - Snap shot by Aliaksei Protas.
13:13 of 1st period - Shot Misses the Net.
13:46 of 1st period - Trevor van Riemsdyk is hit by Kiefer Sherwood and loses puck.
13:56 of 1st period - Off-side.
13:57 of 1st period - Charlie Coyle wins face-off versus Filip Chytil in neutral zone.
14:20 of 1st period - Wrist shot by Jack Drury.
14:20 of 1st period - Deflect By Philip Tomasino.
14:20 of 1st period - Shot Blocked by Tyler Bertuzzi.
14:20 of 1st period - Puck is out of play.
14:21 of 1st period - Mason McTavish wins face-off versus Jack Drury in Arizona Coyotes zone.
14:21 of 1st period - Mason McTavish is hit by Joel Kiviranta.
14:29 of 1st period - Snap shot by Mats Zuccarello.
14:29 of 1st period - Deflect By Cam York.
14:29 of 1st period - Stopped by Ukko-Pekka Luukkonen with a rebound.
14:31 of 1st period - Snap shot by Mats Zuccarello.
14:31 of 1st period - Stopped by Ukko-Pekka Luukkonen with a rebound.
14:33 of 1st period - Wrist shot by Mats Zuccarello.
14:33 of 1st period - Shot Misses the Net.
14:35 of 1st period - Wrist shot by Mason McTavish.
14:35 of 1st period - Deflect By Mats Zuccarello.
14:35 of 1st period - Stopped by Ukko-Pekka Luukkonen without a rebound.
14:36 of 1st period - Trent Frederic wins face-off versus Mason McTavish in Dallas Stars zone.
15:08 of 1st period - Snap shot by Ryan Donato.
15:08 of 1st period - Shot Misses the Net.
15:10 of 1st period - Slapshot by Nick Seeler.
15:10 of 1st period - Stopped by Ukko-Pekka Luukkonen with a rebound.
15:12 of 1st period - Slapshot by Anthony DeAngelo.
15:12 of 1st period - Stopped by Ukko-Pekka Luukkonen with a rebound.
15:14 of 1st period - Snap shot by Nick Seeler.
15:14 of 1st period - Stopped by Ukko-Pekka Luukkonen without a rebound.
15:15 of 1st period - Filip Chytil wins face-off versus Aliaksei Protas in Dallas Stars zone.
15:22 of 1st period - Snap shot by Jordan Martinook.
15:22 of 1st period - Goal by Jordan Martinook - Dallas Stars : 1 - Arizona Coyotes : 0.
15:23 of 1st period - Mason McTavish wins face-off versus Trent Frederic in neutral zone.
15:32 of 1st period - Slapshot by Mason McTavish.
15:32 of 1st period - Stopped by Ukko-Pekka Luukkonen with a rebound.
15:38 of 1st period - Johnathan Kovacevic is hit by Jordan Greenway and loses puck.
15:49 of 1st period - Trevor van Riemsdyk is hit by Vladimir Tarasenko and loses puck.
16:34 of 1st period - Wrist shot by Alex Iafallo.
16:34 of 1st period - Stopped by Tristan Jarry with a rebound.
16:36 of 1st period - Wrist shot by Jonas Siegenthaler.
16:36 of 1st period - Stopped by Tristan Jarry with a rebound.
16:38 of 1st period - Wrist shot by Jonas Siegenthaler.
16:38 of 1st period - Deflect By Trent Frederic.
16:38 of 1st period - Stopped by Tristan Jarry with a rebound.
16:40 of 1st period - Snap shot by Trent Frederic.
16:40 of 1st period - Shot Misses the Net.
16:42 of 1st period - Slapshot by Jonas Siegenthaler.
16:42 of 1st period - Deflect By Alex Iafallo.
16:42 of 1st period - Shot Misses the Net.
16:42 of 1st period - Puck is out of play.
16:43 of 1st period - Mason McTavish wins face-off versus Filip Chytil in Arizona Coyotes zone.
16:48 of 1st period - Snap shot by Mats Zuccarello.
16:48 of 1st period - Stopped by Ukko-Pekka Luukkonen without a rebound.
16:49 of 1st period - Filip Chytil wins face-off versus Tyler Bertuzzi in Dallas Stars zone.
16:54 of 1st period - Snap shot by Jordan Martinook.
16:54 of 1st period - Stopped by Tristan Jarry without a rebound.
16:55 of 1st period - Mason McTavish wins face-off versus Trent Frederic in Arizona Coyotes zone.
17:41 of 1st period - Josh Anderson is hit by Kiefer Sherwood and loses puck.
18:00 of 1st period - Snap shot by Philip Tomasino.
18:00 of 1st period - Shot Misses the Net.
18:02 of 1st period - Slapshot by Trevor van Riemsdyk.
18:02 of 1st period - Stopped by Tristan Jarry with a rebound.
18:06 of 1st period - Slapshot by Philip Tomasino.
18:06 of 1st period - Deflect By Joel Kiviranta.
18:06 of 1st period - Stopped by Tristan Jarry with a rebound.
18:08 of 1st period - Slapshot by Trevor van Riemsdyk.
18:08 of 1st period - Stopped by Tristan Jarry with a rebound.
19:10 of 1st period - Wrist shot by Anders Lee.
19:10 of 1st period - Shot Misses the Net.
19:12 of 1st period - Slapshot by Johnathan Kovacevic.
19:12 of 1st period - Stopped by Ukko-Pekka Luukkonen without a rebound.
19:13 of 1st period - Elias Lindholm wins face-off versus Mason McTavish in Dallas Stars zone.
19:24 of 1st period - Backhand shot by Mason McTavish.
19:24 of 1st period - Shot Blocked by Jonas Siegenthaler.
19:36 of 1st period - Snap shot by Elias Lindholm.
19:36 of 1st period - Shot Hit the Post.
19:38 of 1st period - Slapshot by Trevor van Riemsdyk.
19:38 of 1st period - Deflect By Brendan Gallagher.
19:38 of 1st period - Stopped by Tristan Jarry without a rebound.
19:39 of 1st period - Trent Frederic wins face-off versus Charlie Coyle in Arizona Coyotes zone.
19:48 of 1st period - Snap shot by Kiefer Sherwood.
19:48 of 1st period - Shot Blocked by Alex Iafallo.
19:50 of 1st period - Slapshot by Radko Gudas.
19:50 of 1st period - Stopped by Ukko-Pekka Luukkonen without a rebound.
19:51 of 1st period - Mason McTavish wins face-off versus Filip Chytil in Dallas Stars zone.
Goals for this period are 1 for Dallas Stars vs 0 for Arizona Coyotes.
Shots for this period are 21 for Dallas Stars vs 15 for Arizona Coyotes.
2nd period
0:01 of 2nd period - Filip Chytil wins face-off versus Aliaksei Protas in neutral zone.
0:10 of 2nd period - Snap shot by Filip Chytil.
0:10 of 2nd period - Shot Misses the Net.
0:13 of 2nd period - Icing by Johnathan Kovacevic.
0:14 of 2nd period - Aliaksei Protas wins face-off versus Trent Frederic in Arizona Coyotes zone.
0:21 of 2nd period - Wrist shot by Aliaksei Protas.
0:21 of 2nd period - Shot Misses the Net.
0:23 of 2nd period - Slapshot by Johnathan Kovacevic.
0:23 of 2nd period - Goal by Johnathan Kovacevic - Dallas Stars : 1 - Arizona Coyotes : 1.
0:24 of 2nd period - Elias Lindholm wins face-off versus Tyler Bertuzzi in neutral zone.
0:29 of 2nd period - Wrist shot by Elias Lindholm.
0:29 of 2nd period - Stopped by Tristan Jarry with a rebound.
0:31 of 2nd period - Wrist shot by Brendan Gallagher.
0:31 of 2nd period - Stopped by Tristan Jarry with a rebound.
0:50 of 2nd period - Wrist shot by Filip Chytil.
0:50 of 2nd period - Shot Misses the Net.
1:12 of 2nd period - Johnathan Kovacevic is hit by Jakob Chychrun and loses puck.
1:19 of 2nd period - Wrist shot by Trent Frederic.
1:19 of 2nd period - Stopped by Tristan Jarry without a rebound.
1:20 of 2nd period - Elias Lindholm wins face-off versus Charlie Coyle in Arizona Coyotes zone.
1:21 of 2nd period - Snap shot by Josh Anderson.
1:21 of 2nd period - Deflect By Elias Lindholm.
1:21 of 2nd period - Stopped by Tristan Jarry without a rebound.
1:22 of 2nd period - Charlie Coyle wins face-off versus Elias Lindholm in Arizona Coyotes zone.
1:31 of 2nd period - Cam York is hit by Anders Lee.
1:47 of 2nd period - Cam York is hit by Vladimir Tarasenko and loses puck.
2:36 of 2nd period - Slapshot by Ross Colton.
2:36 of 2nd period - Shot Misses the Net.
2:52 of 2nd period - Trevor van Riemsdyk is hit by Anders Lee and loses puck.
3:01 of 2nd period - Josh Anderson is hit by Kiefer Sherwood and loses puck.
6:04 of 2nd period - Minor Penalty to Johnathan Kovacevic for Cross-checking.
6:05 of 2nd period - Elias Lindholm wins face-off versus Anders Lee in Arizona Coyotes zone.
6:52 of 2nd period - Wrist shot by Elias Lindholm.
6:52 of 2nd period - Stopped by Tristan Jarry with a rebound.
7:47 of 2nd period - Icing by Brendan Gallagher.
7:48 of 2nd period - Kiefer Sherwood wins face-off versus Filip Chytil in Dallas Stars zone.
8:04 of 2nd period - Penalty to Johnathan Kovacevic is over, Johnathan Kovacevic is back on ice.
8:39 of 2nd period - Slapshot by Alex Iafallo.
8:39 of 2nd period - Shot Misses the Net.
8:41 of 2nd period - Slapshot by Jakob Chychrun.
8:41 of 2nd period - Deflect By Ross Colton.
8:41 of 2nd period - Stopped by Tristan Jarry with a rebound.
8:43 of 2nd period - Slapshot by Jonas Siegenthaler.
8:43 of 2nd period - Stopped by Tristan Jarry with a rebound.
8:45 of 2nd period - Slapshot by Jakob Chychrun.
8:45 of 2nd period - Shot Blocked by Anthony DeAngelo.
8:47 of 2nd period - Snap shot by Alex Iafallo.
8:47 of 2nd period - Shot Misses the Net.
8:49 of 2nd period - Wrist shot by Jordan Greenway.
8:49 of 2nd period - Shot Misses the Net.
8:58 of 2nd period - Off-side.
8:59 of 2nd period - Filip Chytil wins face-off versus Charlie Coyle in neutral zone.
10:36 of 2nd period - Icing by Radko Gudas.
10:37 of 2nd period - Jordan Greenway wins face-off versus Charlie Coyle in Arizona Coyotes zone.
11:02 of 2nd period - Charlie Coyle is hit by Arber Xhekaj and loses puck.
11:58 of 2nd period - Wrist shot by Alex Iafallo.
11:58 of 2nd period - Deflect By Kiefer Sherwood.
11:58 of 2nd period - Stopped by Tristan Jarry with a rebound.
12:16 of 2nd period - Brayden McNabb is hit by Trent Frederic and loses puck.
12:58 of 2nd period - Radko Gudas is hit by Trent Frederic and loses puck.
13:05 of 2nd period - Trent Frederic is hit by Anders Lee and loses puck.
13:16 of 2nd period - Wrist shot by Charlie Coyle.
13:16 of 2nd period - Shot Blocked by Trent Frederic.
13:18 of 2nd period - Slapshot by Kiefer Sherwood.
13:18 of 2nd period - Stopped by Ukko-Pekka Luukkonen without a rebound.
13:19 of 2nd period - Elias Lindholm wins face-off versus Mason McTavish in Dallas Stars zone.
13:24 of 2nd period - Slapshot by Josh Anderson.
13:24 of 2nd period - Deflect By Brendan Gallagher.
13:24 of 2nd period - Shot Misses the Net.
13:24 of 2nd period - Puck is out of play.
13:25 of 2nd period - Elias Lindholm wins face-off versus Mason McTavish in Arizona Coyotes zone.
13:26 of 2nd period - Wrist shot by Josh Anderson.
13:26 of 2nd period - Goal by Josh Anderson - Dallas Stars : 2 - Arizona Coyotes : 1.
13:27 of 2nd period - Mason McTavish wins face-off versus Elias Lindholm in neutral zone.
13:36 of 2nd period - Jakob Chychrun is hit by Johnathan Kovacevic and loses puck.
13:57 of 2nd period - Snap shot by Aliaksei Protas.
13:57 of 2nd period - Stopped by Ukko-Pekka Luukkonen without a rebound.
13:58 of 2nd period - Filip Chytil wins face-off versus Ryan Donato in Dallas Stars zone.
15:18 of 2nd period - Slapshot by Philip Tomasino.
15:18 of 2nd period - Shot Misses the Net.
15:20 of 2nd period - Snap shot by Trevor van Riemsdyk.
15:20 of 2nd period - Shot Blocked by Ryan Donato.
17:01 of 2nd period - Off-side.
17:02 of 2nd period - Trent Frederic wins face-off versus Mason McTavish in neutral zone.
17:07 of 2nd period - Alex Iafallo is hit by Mats Zuccarello.
17:32 of 2nd period - Minor Penalty to Nick Seeler for Slashing.
17:33 of 2nd period - Jordan Martinook wins face-off versus Kiefer Sherwood in Arizona Coyotes zone.
17:45 of 2nd period - Wrist shot by Filip Chytil.
17:45 of 2nd period - Shot Blocked by Brayden McNabb.
17:47 of 2nd period - Slapshot by Jordan Martinook.
17:47 of 2nd period - Stopped by Tristan Jarry without a rebound.
17:48 of 2nd period - Elias Lindholm wins face-off versus Anders Lee in Arizona Coyotes zone.
18:01 of 2nd period - Wrist shot by Josh Anderson.
18:01 of 2nd period - Goal by Josh Anderson - Dallas Stars : 3 - Arizona Coyotes : 1.
18:02 of 2nd period - Mason McTavish wins face-off versus Filip Chytil in neutral zone.
18:07 of 2nd period - Slapshot by Mason McTavish.
18:07 of 2nd period - Shot Blocked by Trevor van Riemsdyk.
18:09 of 2nd period - Wrist shot by Mason McTavish.
18:09 of 2nd period - Stopped by Ukko-Pekka Luukkonen with a rebound.
18:11 of 2nd period - Slapshot by Jared Spurgeon.
18:11 of 2nd period - Stopped by Ukko-Pekka Luukkonen without a rebound.
18:12 of 2nd period - Filip Chytil wins face-off versus Mason McTavish in Dallas Stars zone.
18:25 of 2nd period - Wrist shot by Mason McTavish.
18:25 of 2nd period - Stopped by Ukko-Pekka Luukkonen without a rebound.
18:26 of 2nd period - Josh Anderson wins face-off versus Aliaksei Protas in Dallas Stars zone.
19:00 of 2nd period - Mats Zuccarello is hit by Jordan Martinook and loses puck.
19:17 of 2nd period - Wrist shot by Anders Lee.
19:17 of 2nd period - Shot Hit the Post.
19:19 of 2nd period - Slapshot by Brayden McNabb.
19:19 of 2nd period - Deflect By Charlie Coyle.
19:19 of 2nd period - Stopped by Ukko-Pekka Luukkonen without a rebound.
19:20 of 2nd period - Charlie Coyle wins face-off versus Elias Lindholm in Dallas Stars zone.
19:47 of 2nd period - Snap shot by Filip Chytil.
19:47 of 2nd period - Shot Misses the Net.
19:49 of 2nd period - Slapshot by Arber Xhekaj.
19:49 of 2nd period - Deflect By Filip Chytil.
19:49 of 2nd period - Goal by Filip Chytil - Dallas Stars : 4 - Arizona Coyotes : 1.
19:50 of 2nd period - Elias Lindholm wins face-off versus Mats Zuccarello in neutral zone.
19:59 of 2nd period - Wrist shot by Josh Anderson.
19:59 of 2nd period - Shot Blocked by Mats Zuccarello.
Goals for this period are 3 for Dallas Stars vs 1 for Arizona Coyotes.
Shots for this period are 12 for Dallas Stars vs 7 for Arizona Coyotes.
3rd period
0:01 of 3rd period - Filip Chytil wins face-off versus Aliaksei Protas in neutral zone.
0:06 of 3rd period - Backhand shot by Trevor van Riemsdyk.
0:06 of 3rd period - Stopped by Tristan Jarry without a rebound.
0:07 of 3rd period - Filip Chytil wins face-off versus Aliaksei Protas in Arizona Coyotes zone.
0:37 of 3rd period - Wrist shot by Anders Lee.
0:37 of 3rd period - Stopped by Ukko-Pekka Luukkonen with a rebound.
0:39 of 3rd period - Slapshot by Johnathan Kovacevic.
0:39 of 3rd period - Stopped by Ukko-Pekka Luukkonen with a rebound.
0:41 of 3rd period - Snap shot by Kiefer Sherwood.
0:41 of 3rd period - Stopped by Ukko-Pekka Luukkonen with a rebound.
1:01 of 3rd period - Jordan Martinook is hit by Erik Haula and loses puck.
1:23 of 3rd period - Off-side.
1:24 of 3rd period - Mason McTavish wins face-off versus Elias Lindholm in neutral zone.
2:02 of 3rd period - Minor Penalty to Kiefer Sherwood for Roughing.
2:03 of 3rd period - Mats Zuccarello wins face-off versus Elias Lindholm in Arizona Coyotes zone.
4:02 of 3rd period - Penalty to Kiefer Sherwood is over, Kiefer Sherwood is back on ice.
4:12 of 3rd period - Kiefer Sherwood is hit by Jordan Greenway and loses puck.
4:37 of 3rd period - Snap shot by Erik Haula.
4:37 of 3rd period - Stopped by Ukko-Pekka Luukkonen with a rebound.
4:39 of 3rd period - Snap shot by Erik Haula.
4:39 of 3rd period - Shot Misses the Net.
4:41 of 3rd period - Snap shot by Erik Haula.
4:41 of 3rd period - Stopped by Ukko-Pekka Luukkonen with a rebound.
4:57 of 3rd period - Snap shot by Aliaksei Protas.
4:57 of 3rd period - Stopped by Ukko-Pekka Luukkonen without a rebound.
4:58 of 3rd period - Trent Frederic wins face-off versus Mason McTavish in Dallas Stars zone.
5:03 of 3rd period - Wrist shot by Mats Zuccarello.
5:03 of 3rd period - Stopped by Ukko-Pekka Luukkonen with a rebound.
5:05 of 3rd period - Slapshot by Nick Seeler.
5:05 of 3rd period - Stopped by Ukko-Pekka Luukkonen without a rebound.
5:06 of 3rd period - Mason McTavish wins face-off versus Elias Lindholm in Dallas Stars zone.
5:17 of 3rd period - Mason McTavish is hit by Brendan Gallagher and loses puck.
5:22 of 3rd period - Snap shot by Elias Lindholm.
5:22 of 3rd period - Shot Misses the Net.
5:43 of 3rd period - Backhand shot by Vladimir Tarasenko.
5:43 of 3rd period - Deflect By Dougie Hamilton.
5:43 of 3rd period - Stopped by Ukko-Pekka Luukkonen with a rebound.
6:39 of 3rd period - Slapshot by Mats Zuccarello.
6:39 of 3rd period - Deflect By Tyler Bertuzzi.
6:39 of 3rd period - Stopped by Ukko-Pekka Luukkonen without a rebound.
6:40 of 3rd period - Mason McTavish wins face-off versus Elias Lindholm in Dallas Stars zone.
6:55 of 3rd period - Slapshot by Josh Anderson.
6:55 of 3rd period - Shot Blocked by Jared Spurgeon.
6:57 of 3rd period - Wrist shot by Brendan Gallagher.
6:57 of 3rd period - Stopped by Tristan Jarry with a rebound.
6:59 of 3rd period - Wrist shot by Brendan Gallagher.
6:59 of 3rd period - Stopped by Tristan Jarry with a rebound.
7:01 of 3rd period - Slapshot by Elias Lindholm.
7:01 of 3rd period - Shot Blocked by Jared Spurgeon.
7:03 of 3rd period - Slapshot by Cam York.
7:03 of 3rd period - Stopped by Tristan Jarry with a rebound.
7:05 of 3rd period - Wrist shot by Josh Anderson.
7:05 of 3rd period - Goal by Josh Anderson - Dallas Stars : 5 - Arizona Coyotes : 1.
7:06 of 3rd period - Elias Lindholm wins face-off versus Aliaksei Protas in neutral zone.
7:22 of 3rd period - Minor Penalty to Jared Spurgeon for Slashing.
7:23 of 3rd period - Anders Lee wins face-off versus Filip Chytil in Arizona Coyotes zone.
7:23 of 3rd period - Anders Lee is hit by Jordan Martinook.
7:38 of 3rd period - Wrist shot by Luke Kunin.
7:38 of 3rd period - Shot Blocked by Radko Gudas.
8:01 of 3rd period - Josh Anderson is hit by Radko Gudas and loses puck.
8:24 of 3rd period - Charlie Coyle is hit by Elias Lindholm and loses puck.
9:22 of 3rd period - Penalty to Jared Spurgeon is over, Jared Spurgeon is back on ice.
9:29 of 3rd period - Jordan Greenway is hit by Aliaksei Protas and loses puck.
10:00 of 3rd period - Jack Drury is hit by Ondrej Palat.
10:15 of 3rd period - Icing by Jordan Greenway.
10:16 of 3rd period - Aliaksei Protas wins face-off versus Trent Frederic in Dallas Stars zone.
10:17 of 3rd period - Wrist shot by Ryan Donato.
10:17 of 3rd period - Shot Blocked by Alex Iafallo.
10:19 of 3rd period - Slapshot by Aliaksei Protas.
10:19 of 3rd period - Stopped by Ukko-Pekka Luukkonen without a rebound.
10:20 of 3rd period - Filip Chytil wins face-off versus Aliaksei Protas in Dallas Stars zone.
10:20 of 3rd period - Filip Chytil is hit by Vladimir Tarasenko.
12:03 of 3rd period - Snap shot by Filip Chytil.
12:03 of 3rd period - Stopped by Tristan Jarry without a rebound.
12:04 of 3rd period - Kiefer Sherwood wins face-off versus Brendan Gallagher in Arizona Coyotes zone.
12:19 of 3rd period - Wrist shot by Charlie Coyle.
12:19 of 3rd period - Deflect By Anders Lee.
12:19 of 3rd period - Shot Misses the Net.
12:19 of 3rd period - Puck is out of play.
12:20 of 3rd period - Filip Chytil wins face-off versus Mason McTavish in Dallas Stars zone.
12:47 of 3rd period - Kiefer Sherwood is hit by Brendan Gallagher and loses puck.
12:56 of 3rd period - Snap shot by Anthony DeAngelo.
12:56 of 3rd period - Shot Blocked by Elias Lindholm.
13:18 of 3rd period - Wrist shot by Alex Iafallo.
13:18 of 3rd period - Deflect By Jordan Greenway.
13:18 of 3rd period - Stopped by Tristan Jarry with a rebound.
13:26 of 3rd period - Jordan Greenway is hit by Vladimir Tarasenko.
13:40 of 3rd period - Wrist shot by Aliaksei Protas.
13:40 of 3rd period - Shot Misses the Net.
14:02 of 3rd period - Anthony DeAngelo is hit by Luke Kunin and loses puck.
14:13 of 3rd period - Elias Lindholm is hit by Anthony DeAngelo and loses puck.
15:06 of 3rd period - Off-side.
15:07 of 3rd period - Filip Chytil wins face-off versus Charlie Coyle in neutral zone.
15:55 of 3rd period - Wrist shot by Philip Tomasino.
15:55 of 3rd period - Deflect By Joel Kiviranta.
15:55 of 3rd period - Stopped by Tristan Jarry with a rebound.
15:57 of 3rd period - Snap shot by Joel Kiviranta.
15:57 of 3rd period - Shot Misses the Net.
15:59 of 3rd period - Wrist shot by Jack Drury.
15:59 of 3rd period - Deflect By Joel Kiviranta.
15:59 of 3rd period - Stopped by Tristan Jarry without a rebound.
16:00 of 3rd period - Jack Drury wins face-off versus Charlie Coyle in Arizona Coyotes zone.
16:22 of 3rd period - Erik Haula and Luke Kunin fight to a draw.
16:22 of 3rd period - Penalty to Erik Haula for Fighting.
16:22 of 3rd period - Penalty to Luke Kunin for Fighting.
16:23 of 3rd period - Mason McTavish wins face-off versus Alex Iafallo in Arizona Coyotes zone.
16:35 of 3rd period - Off-side.
16:36 of 3rd period - Charlie Coyle wins face-off versus Filip Chytil in neutral zone.
16:50 of 3rd period - Snap shot by Charlie Coyle.
16:50 of 3rd period - Shot Misses the Net.
16:52 of 3rd period - Snap shot by Brayden McNabb.
16:52 of 3rd period - Stopped by Ukko-Pekka Luukkonen without a rebound.
16:53 of 3rd period - Mason McTavish wins face-off versus Josh Anderson in Dallas Stars zone.
17:01 of 3rd period - Mason McTavish and Elias Lindholm fight to a draw.
17:01 of 3rd period - Penalty to Mason McTavish for Fighting.
17:01 of 3rd period - Penalty to Elias Lindholm for Fighting.
17:02 of 3rd period - Charlie Coyle wins face-off versus Filip Chytil in Arizona Coyotes zone.
17:09 of 3rd period - Jordan Martinook is hit by Radko Gudas and loses puck.
17:28 of 3rd period - Joel Kiviranta is hit by Radko Gudas and loses puck.
17:33 of 3rd period - Wrist shot by Mats Zuccarello.
17:33 of 3rd period - Shot Misses the Net.
17:35 of 3rd period - Slapshot by Johnathan Kovacevic.
17:35 of 3rd period - Deflect By Mats Zuccarello.
17:35 of 3rd period - Stopped by Ukko-Pekka Luukkonen with a rebound.
17:37 of 3rd period - Wrist shot by Mats Zuccarello.
17:37 of 3rd period - Stopped by Ukko-Pekka Luukkonen with a rebound.
17:59 of 3rd period - Minor Penalty to Johnathan Kovacevic for Tripping.
18:00 of 3rd period - Alex Iafallo wins face-off versus Anders Lee in Arizona Coyotes zone.
18:07 of 3rd period - Wrist shot by Alex Iafallo.
18:07 of 3rd period - Shot Blocked by Jared Spurgeon.
18:49 of 3rd period - Mats Zuccarello is hit by Alex Iafallo and loses puck.
19:55 of 3rd period - Jordan Greenway is hit by Nick Seeler and loses puck.
19:59 of 3rd period - Penalty to Johnathan Kovacevic is over, Johnathan Kovacevic is back on ice.
Goals for this period are 1 for Dallas Stars vs 0 for Arizona Coyotes.
Shots for this period are 9 for Dallas Stars vs 14 for Arizona Coyotes.
Back to the Top